Map: 바니 연구소 (공허의 유산)

Players

INnoVation - Winner!

  • Race: Terran Terran
  • Spawn Location: 12:00

Stats

  • Race: Protoss Protoss
  • Spawn Location: 6:00

VOD

Have the link to the VOD?

Description

Time

  • Played on: Dec. 17, 2016, 11:24 p.m.
  • Length: 12:35
Show
View Real Time Build Order
Export as new Build Order

INnoVation Terran - Winner!

Build Orders: Reaper Expand, MMM Bio 

Get SALT Encoding   

  12  0:00  SCV  
  13  0:12  SCV  
  14  0:17  Supply Depot  
  14  0:24  SCV  
  15  0:39  SCV, Barracks  
  16  0:44  Refinery  
  16  0:51  SCV  
  17  1:03  SCV  
  18  1:15  SCV  
  19  1:27  Orbital Command  
  19  1:28  Reaper  
  20  1:43  Command Center  
  20  1:53  Barracks  
  20  1:55  SCV  
  20  2:00  Barracks Reactor  
  21  2:07  SCV  
  22  2:10  Supply Depot  
  22  2:16  Refinery  
  22  2:19  SCV  
  23  2:25  Factory  
  23  2:32  SCV  
  23  2:36  Marine  
  25  2:37  Marine  
  25  2:39  Barracks Tech Lab  
  26  2:44  SCV  
  27  2:54  Orbital Command  
  27  2:56  SCV  
  28  2:59  Stimpack  
  28  3:03  Marine x2  
  28  3:05  Marine  
  30  3:08  SCV  
  32  3:16  Starport  
  32  3:19  Widow Mine  
  34  3:24  SCV  
  34  3:25  SCV  
  36  3:30  Marine x2  
  36  3:33  Marine  
  39  3:38  SCV x2  
  40  3:44  Supply Depot  
  40  3:48  Widow Mine  
  42  3:52  Medivac  
  42  3:54  SCV x2  
  46  3:56  Supply Depot  
  46  3:59  Engineering Bay  
  46  4:05  Liberator, Marine  
  46  4:06  Marine, Marauder  
  46  4:08  SCV  
  46  4:09  SCV  
  52  4:17  Factory Reactor  
  55  4:25  Marine x2  
  55  4:28  Marauder  
  55  4:30  SCV  
  55  4:31  SCV  
  61  4:33  Supply Depot  
  61  4:36  Refinery  
  61  4:42  SCV  
  62  4:49  Supply Depot  
  62  4:50  Terran Infantry Weapons Level 1  
  62  4:54  Marine x2  
  62  4:55  SCV x2, Marauder  
  62  4:59  Supply Depot  
  68  5:06  Combat Shields  
  68  5:07  SCV  
  68  5:08  SCV  
  68  5:12  Marine x2  
  72  5:16  Factory Reactor, Marauder  
  72  5:19  SCV  
  72  5:20  SCV  
  76  5:33  SCV x2  
  76  5:34  Command Center  
  76  5:35  Viking  
  80  5:38  Medivac  
  76  5:45  SCV x2  
  76  5:47  Marine x3  
  69  5:52  Widow Mine x2  
  71  5:57  SCV x2  
  71  6:00  Barracks  
  70  6:04  Missile Turret  
  70  6:06  Marine x3  
  70  6:09  Medivac x2  
  77  6:14  SCV x2  
  79  6:20  Supply Depot  
  79  6:22  Refinery, Widow Mine  
  79  6:23  Supply Depot  
  79  6:24  Widow Mine  
  83  6:27  SCV  
  83  6:28  SCV  
  83  6:31  Marine x2  
  83  6:32  Marine  
  84  6:39  SCV  
  84  6:40  SCV, Supply Depot  
  84  6:44  Terran Infantry Armor Level 1  
  85  6:48  Orbital Command  
  85  6:51  Marine x2, Barracks Tech Lab  
  85  6:52  SCV x2, Marine  
  90  6:54  Widow Mine x2  
  93  7:04  SCV x2  
  93  7:07  Barracks  
  95  7:09  Barracks  
  93  7:16  SCV x2  
  93  7:19  Marine x2, Marauder x2  
  101  7:23  Missile Turret, SCV  
  101  7:28  SCV  
  101  7:33  SCV  
  101  7:35  SCV, Medivac x2  
  105  7:39  Widow Mine x2, Supply Depot  
  105  7:40  SCV  
  105  7:43  Marauder x2  
  113  7:44  Marine x2  
  115  7:53  Armory, Engineering Bay  
  115  7:54  Refinery  
  115  7:55  Barracks Tech Lab  
  115  7:56  Barracks Reactor  
  116  7:58  SCV x3  
  116  7:59  Liberator x2  
  116  8:02  Marine x2  
  120  8:06  Supply Depot  
  120  8:08  Widow Mine x2  
  120  8:10  Supply Depot  
  124  8:17  SCV x2  
  124  8:18  SCV  
  133  8:20  Refinery  
  133  8:22  Concussive Shells  
  133  8:28  Marine x2, Marauder x3  
  133  8:30  Supply Depot  
  141  8:34  Supply Depot  
  141  8:40  Missile Turret  
  145  8:42  Terran Infantry Armor Level 2, Terran Infantry Weapons Level 2  
  141  8:52  Terran Ship Weapons Level 1  
  141  8:53  Starport  
  141  9:00  Marauder x2  
  141  9:01  Marine, Marauder  
  141  9:02  Marine x3  
  151  9:14  Viking x2  
  151  9:17  Supply Depot  
  151  9:27  Marine x3, Marauder  
  151  9:28  Marine, Marauder x2  
  151  9:31  Viking, Supply Depot x2  
  161  9:35  Viking  
  165  9:41  Supply Depot  
  165  9:46  Viking x2  
  169  9:54  Marauder x3  
  169  9:55  Marine x3  
  169  9:56  Marine  
  179  10:06  Viking x2  
  182  10:13  Command Center  
  182  10:18  Viking x2  
  161  10:25  Marine  
  161  10:26  Marine x3, Marauder x3  
  170  10:36  Viking x2  
  170  10:38  Missile Turret  
  174  10:45  Marine x4  
  174  10:47  Marauder x3  
  174  10:48  Viking x2  
  186  11:08  Marauder  
  186  11:09  Marauder x2  
  186  11:10  Marine  
  186  11:11  Marine x3  
  196  11:22  Medivac x2  
  182  11:29  Marine x2  
  182  11:30  Marauder x3  
  169  11:37  Medivac x2  
  158  11:45  Marine x2  
  140  11:48  Planetary Fortress  
  140  11:51  Marauder x3  
  146  12:01  Marine x2  
  147  12:02  Marine  
  147  12:03  Marine  
  133  12:13  Marauder x3  
Show
View Real Time Build Order
Export as new Build Order

Stats Protoss 

Build Orders: 1 Gate Expand, Phoenix Opening 

Get SALT Encoding   

  12  0:01  Probe (Chrono Boost)  
  13  0:12  Probe (Chrono Boost)  
  14  0:17  Pylon  
  14  0:22  Probe (Chrono Boost)  
  16  0:35  Probe (Chrono Boost)  
  16  0:37  Gateway  
  16  0:42  Assimilator  
  16  0:46  Probe (Chrono Boost)  
  17  0:56  Probe (Chrono Boost)  
  18  1:07  Probe (Chrono Boost)  
  19  1:19  Nexus  
  19  1:25  Probe (Chrono Boost)  
  20  1:27  Assimilator  
  20  1:38  Cybernetics Core  
  20  1:41  Probe (Chrono Boost)  
  21  1:49  Pylon  
  21  1:52  Probe (Chrono Boost)  
  22  2:02  Probe (Chrono Boost)  
  23  2:14  Mothership Core (Chrono Boost), Warp Gate  
  23  2:15  Adept  
  27  2:34  Probe (Chrono Boost)  
  27  2:35  Probe (Chrono Boost)  
  29  2:40  Stargate  
  29  2:44  Adept  
  31  2:46  Probe x2 (Chrono Boost)  
  33  2:56  Probe x2 (Chrono Boost)  
  35  3:01  Assimilator  
  35  3:07  Probe x2 (Chrono Boost)  
  35  3:08  Pylon  
  37  3:17  Probe (Chrono Boost)  
  37  3:18  Probe (Chrono Boost)  
  39  3:20  Phoenix  
  41  3:28  Probe (Chrono Boost)  
  41  3:30  Probe (Chrono Boost)  
  43  3:35  Pylon  
  43  3:38  Probe (Chrono Boost)  
  45  3:41  Phoenix  
  45  3:42  Probe (Chrono Boost)  
  45  3:46  Robotics Facility  
  47  3:51  Probe (Chrono Boost)  
  47  3:54  Probe (Chrono Boost)  
  49  3:56  Twilight Council  
  49  4:02  Probe (Chrono Boost)  
  50  4:03  Phoenix  
  50  4:06  Probe (Chrono Boost)  
  53  4:22  Nexus  
  53  4:24  Resonating Glaives  
  53  4:29  Gateway  
  53  4:31  Observer, Gateway  
  54  4:43  Assimilator  
  54  4:44  Probe x2 (Chrono Boost)  
  54  4:45  Phoenix  
  56  4:49  Sentry  
  60  4:53  Pylon  
  60  4:58  Probe x2 (Chrono Boost)  
  62  5:05  Pylon  
  62  5:08  Phoenix  
  62  5:12  Observer  
  64  5:14  Adept  
  66  5:25  Pylon  
  66  5:26  Pylon  
  66  5:30  Adept x2  
  68  5:40  Pylon  
  59  5:50  Probe (Chrono Boost)  
  59  5:51  Probe (Chrono Boost)  
  58  5:57  Nexus  
  58  6:01  Cybernetics Core  
  60  6:05  Probe x2 (Chrono Boost)  
  60  6:08  Pylon  
  60  6:17  Probe (Chrono Boost)  
  60  6:18  Observer, Probe (Chrono Boost)  
  62  6:23  Gateway  
  62  6:24  Gateway  
  62  6:30  Probe x2 (Chrono Boost)  
  64  6:38  Adept, Sentry x2  
  70  6:41  Protoss Air Weapons Level 1  
  70  6:42  Probe x2 (Chrono Boost)  
  70  6:44  Forge  
  72  6:52  Observer  
  72  6:54  Probe (Chrono Boost)  
  75  7:02  Protoss Ground Weapons Level 1, Probe (Chrono Boost)  
  75  7:04  Robotics Bay, Adept  
  75  7:05  Adept  
  75  7:06  Adept, Probe (Chrono Boost)  
  82  7:21  Probe (Chrono Boost)  
  82  7:22  Probe x2 (Chrono Boost)  
  83  7:32  Probe (Chrono Boost)  
  83  7:34  Adept x3, Probe x2 (Chrono Boost)  
  83  7:35  Adept x2  
  96  7:42  Pylon  
  96  7:44  Pylon  
  96  7:46  Pylon  
  96  7:48  Probe x2 (Chrono Boost)  
  96  7:49  Probe (Chrono Boost)  
  99  7:53  Colossus  
  101  7:59  Probe (Chrono Boost)  
  101  8:00  Probe x2 (Chrono Boost)  
  108  8:08  Adept  
  108  8:09  Adept x3  
  116  8:14  Assimilator  
  116  8:15  Assimilator, Adept  
  118  8:26  Extended Thermal Lance  
  118  8:32  Adept x3  
  118  8:33  Stalker  
  126  8:37  Stalker  
  126  8:40  Colossus  
  128  8:42  Protoss Ground Armor Level 1  
  132  9:01  Pylon, Probe (Chrono Boost)  
  133  9:03  Pylon  
  133  9:04  Pylon  
  133  9:05  Pylon  
  133  9:06  Pylon  
  133  9:18  Robotics Facility, Blink  
  133  9:20  Stalker x4  
  133  9:21  Stalker  
  143  9:29  Colossus  
  149  9:45  Gateway x2  
  149  9:46  Stalker x2  
  149  9:48  Adept  
  149  9:50  Adept  
  149  9:52  Adept  
  159  10:00  Pylon  
  159  10:07  Colossus  
  138  10:26  Sentry x2  
  138  10:27  Stalker x3  
  146  10:29  Disruptor  
  149  10:37  Gateway  
  149  10:38  Dark Shrine  
  149  10:45  Forge  
  149  10:51  Stalker x2  
  149  10:56  Disruptor, Nexus  
  153  10:57  Stalker  
  158  11:07  Pylon  
  158  11:08  Disruptor  
  158  11:09  Pylon  
  158  11:10  Stalker x2  
  144  11:27  Adept x5  
  120  11:33  Adept  
  120  11:34  Adept  
  100  11:41  Disruptor x2  
  94  11:52  Dark Templar  
  94  11:53  Adept x5  
  104  11:55  Adept  
  85  12:13  Dark Templar  
  85  12:14  Adept x4  
  86  12:22  Adept  
Tags
 
Add a new tag
Caveats
  • Supply blocks, unpowered buildings, or Contaminate may cause inaccurate times.
  • Supply counts are checked every 10 seconds.